 Dungeon Crawl Stone Soup version 0.20.1-1-g8b1a95d (webtiles) character file.

50 n3rD20 the Grave Robber (level 3, -2/22 (26) HPs)
             Began as a Ghoul Necromancer on Nov 7, 2017.
             Slain by a gnoll
             ... wielding a +0 spear
              (5 damage)
             ... on level 2 of the Dungeon.
             The game lasted 00:19:27 (1102 turns).

n3rD20 the Grave Robber (Ghoul Necromancer)         Turns: 1102, Time: 00:19:28

HP:   -2/22 (26)    AC:  5    Str: 11    XL:     3   Next: 79%
MP:   1/5           EV: 10    Int: 10    God:
Gold: 52            SH:  0    Dex: 10    Spells: 4/6 levels left

rFire    . . .     SeeInvis .   i - +0 hand axe (chop)
rCold    + . .     Gourm    .   (no shield)
rNeg     + + +     Faith    .   k - +0 ring mail
rPois    ∞         Spirit   .   (no helmet)
rElec    .         Reflect  .   (no cloak)
rCorr    .         Harm     .   (no gloves)
MR       .....                  (no boots)
Stlth    +.........             (no amulet)
Regen    0.0/turn               (no ring)
MPRegen  0.1/turn               (no ring)

@: rotting
A: rotting body, claws 1, carnivore 3, cold resistance 1, negative energy
resistance 3, inhibited regeneration, torment resistance, unbreathing
a: no special abilities


You were on level 2 of the Dungeon.
You were not hungry.

You visited 1 branch of the dungeon, and saw 2 of its levels.

You collected 52 gold pieces.

Inventory:

Hand Weapons
 d - a +0 club
 f - a +0 dagger
 g - a +0 whip
 h - a +0 short sword
 i - a +0 hand axe of chopping (weapon)
Missiles
 j - 14 stones (quivered)
Armour
 a - a +0 robe
 k - a +0 ring mail (worn)
Books
 b - a book of Necromancy

   Spells                             Type                      Level
   a - Pain                           Necromancy                   1
   b - Animate Skeleton               Necromancy                   1
   c - Vampiric Draining              Necromancy                   3
   d - Regeneration                   Charms/Necromancy            3
   e - Animate Dead                   Necromancy                   4
   f - Control Undead                 Necromancy                   4
Comestibles
 c - a bread ration


   Skills:
 + Level 0.2 Fighting
 + Level 0.1 Axes
 + Level 1.9 Dodging
 + Level 2.3 Stealth
 + Level 0.4 Unarmed Combat
 + Level 2.4 Spellcasting
 + Level 4.6 Necromancy


You had 4 spell levels left.
You knew the following spells:

 Your Spells              Type           Power        Failure   Level  Hunger
a - Pain                  Necr           ##..         11%         1    ##.....
b - Animate Skeleton      Necr           N/A          11%         1    ##.....


Dungeon Overview and Level Annotations

Branches:
Dungeon (2/15)

Altars:


Innate Abilities, Weirdness & Mutations

Your body is rotting away.
You thrive on raw meat.
You are immune to poison.
You have sharp fingernails.
You are carnivorous and can eat meat at any time.
Your flesh is cold resistant. (rC+)
You are immune to negative energy. (rN+++)
You do not regenerate when monsters are visible.
You are immune to unholy pain and torment.
You can survive without breathing.


Message History

Aim: a gnoll, wielding a spear (moderately wounded, chance to defeat MR: 71%)
The gnoll writhes in agony!
Casting: Pain
Confirm with . or Enter, or press ? or * to list all spells.
Aiming: Pain
Press: ? - help, Shift-Dir - straight line, f/p - gnoll
Aim: a gnoll, wielding a spear (severely wounded, chance to defeat MR: 71%)
The gnoll writhes in agony!
The gnoll barely misses you. The gnoll hits you but does no damage.
Casting: Pain
Confirm with . or Enter, or press ? or * to list all spells.
Aiming: Pain
Press: ? - help, Shift-Dir - straight line, f/p - gnoll
Aim: a gnoll, wielding a spear (almost dead, chance to defeat MR: 71%)
The gnoll writhes in agony!
The gnoll closely misses you. The gnoll barely misses you.
You hit the gnoll but do no damage. The gnoll hits you with a flail.
* * * LOW HITPOINT WARNING * * *
The gnoll hits you from afar with a spear.
You die...

..#.##.....#######
..................
....##.....####### ##.##.#
#.....# ..... #.....# ....
#.....# # .... ##.g#.#.### #..#
#.#..######g#......
#..####.#..#...@g...#.## ..#
#........................ .....
##............####.#.#.### ....
.#..####...........#.#... ...
....†.†............#...#####.#
.............................#
...................#.#.......##
.........##.#.#.#.............#
.#######.##.#...#.#..####.....#


You could see 2 gnolls.

Vanquished Creatures
  2 adders (D:2)
  2 dart slugs (D:1)
  A giant cockroach (D:1)
  3 goblins (D:1)
  8 hobgoblins
  6 kobolds
  A ball python (D:2)
  2 frilled lizards (D:1)
  A rat (D:2)
26 creatures vanquished.

Notes
Turn   | Place    | Note
-------+----------+-------------------------------------------
     0 | D:1      | n3rD20 the Ghoul Necromancer began the quest for the Orb.
     0 | D:1      | Reached XP level 1. HP: 14/14 MP: 2/2
     2 | D:1      | Learned a level 1 spell: Animate Skeleton
   212 | D:1      | Reached XP level 2. HP: 19/19 MP: 0/3
   668 | D:1      | Reached XP level 3. HP: 10/25 MP: 2/5
  1102 | D:2      | Slain by a gnoll

Skill      XL: |  1  2 |
---------------+-------+-----
Spellcasting   | 2 |  2.4
Fighting       | |  0.2
Axes           | |  0.1
Dodging        | |  1.9
Stealth        | |  2.3
Unarmed Combat | |  0.4
Necromancy     | |  4.6

Action                   || total
-------------------------++-------
Melee: Unarmed           ||    13
       Dagger            ||    26
       Short sword       ||    13
       Club              ||     2
       Hand axe          ||    22
 Cast: Pain              ||    50
  Use: Scroll            ||     7
       Potion            ||     1
  Eat: Meat ration       ||     1
Armor: Robe              ||     8
       Ring mail         ||     7
Dodge: Dodged            ||    43
